 Dungeon Crawl Stone Soup version 0.29.0-7-g18a832c13a (webtiles) character file.

Game seed: 12000577330692370450

35 flotson the Sneak (level 3, -3/29 HPs)
             Began as a Demonspawn Delver on Aug 30, 2022.
             Slain by Jessica
             ... wielding a +4 dagger of flaming
              (7 damage)
             ... on level 2 of the Dungeon.
             The game lasted 00:02:23 (1402 turns).

flotson the Sneak (Demonspawn Delver)               Turns: 1402, Time: 00:02:24

Health: -3/29      AC:  5    Str: 20    XL:     3   Next: 16%
Magic:  3/3        EV:  7    Int: 11    God:
Gold:   112        SH: 11    Dex: 14    Spells: 2/2 levels left

rFire   . . .      SeeInvis .   r - +2 dagger (venom)
rCold   . . .      Faith    .   e - +0 tower shield
rNeg    . . .      Spirit   .   d - +0 ring mail
rPois   .          Reflect  .   (no helmet)
rElec   .          Harm     .   (no cloak)
rCorr   .          Rampage  .   (no gloves)
Will    .....                   (no boots)
Stlth   ++........              (no amulet)
HPRegen 0.09/turn               s - +6 ring of strength
MPRegen 0.08/turn               (no ring)

@: no status effects
A: demonic touch 1
a: no special abilities


You were on level 2 of the Dungeon.
You visited 1 branch of the dungeon, and saw 5 of its levels.

You collected 112 gold pieces.

Inventory:

Hand Weapons
 a - a +0 hand axe
 b - a +0 trident
 r - a +2 dagger of venom (weapon)
Missiles
 n - 3 boomerangs (quivered)
 t - 2 poisoned darts
Armour
 d - a +0 ring mail (worn)
 e - a +0 tower shield (worn)
Jewellery
 o - a ring of fire
 s - a +6 ring of strength (left hand)
Wands
 g - a wand of digging (3)
 h - a wand of iceblast (13)
Scrolls
 c - 4 scrolls of fog
 f - 2 scrolls of identify {unknown}
 i - a scroll of immolation {unknown}
 j - a scroll of amnesia {unknown}
 k - a scroll of teleportation {unknown}
 p - a scroll of magic mapping
Potions
 l - 3 potions of curing {unknown}
 m - 3 potions of degeneration {unknown}
 q - a potion of mutation {unknown}


   Skills:
 + Level 3.1 Fighting
 + Level 2.1 Axes
 + Level 0.4 Throwing
 + Level 0.8 Armour
 + Level 2.1 Dodging
 - Level 4.5 Stealth
 + Level 0.6 Shields
 + Level 0.8 Evocations


You had 2 spell levels left.
You didn't know any spells.
Your spell library contained the following spells:

 Spells                   Type           Power      Damage    Failure   Level
 Iskenderun's Battlesphe  Conj           0%         2d6       100%        5
 Iron Shot                Conj/Erth      0%         9d1       100%        6
 Spellforged Servitor     Conj/Summ      0%         N/A       100%        7


Dungeon Overview and Level Annotations

Branches:
Dungeon (5/15)
 Temple: D:4-7

Altars:
Kikubaaqudgha

Annotations:
D:2 Jessica


Innate Abilities, Weirdness & Mutations

Your touch may inflict minor irresistible damage on your foes.


Message History

The worm bites you.
You barely miss the worm.
The worm is heavily wounded.
You hit the worm.
You kill the worm!
No target in view!
No target in view!
No target in view!
No target in view!
No target in view!
You now have 112 gold pieces (gained 15).
Jessica the Apprentice Sorceress comes into view.
She is wielding a +4 dagger of flaming.
Jessica shouts!
A kobold comes into view. It is wielding a +0 short sword.
The kobold shouts!
Jessica gestures at you while chanting. Pain shoots through your body!
Jessica mumbles some strange words.
Jessica blinks!
Jessica mumbles some strange words.
Jessica seems to speed up.
You closely miss the kobold.
The kobold hits you with a +0 short sword.
Jessica very coldly says, "I hate your company."
Jessica mumbles some strange words.
Jessica blinks!
You block the kobold's attack.
You closely miss Jessica.
Jessica shouts, "You are a ghastly nuisance!"
You block Jessica's attack. Jessica closely misses you.
The kobold hits you but does no damage.
Jessica hits you with a +4 dagger of flaming!
Jessica burns you.
* * * LOW HITPOINT WARNING * * *
You hit Jessica.
Jessica is poisoned.
Jessica is lightly wounded.
You block Jessica's attack.
The kobold hits you with a +0 short sword.
* * * LOW HITPOINT WARNING * * *
Jessica hits you with a +4 dagger of flaming!
You die...

. .## # .... #
#############...# #
#.....##....?.# #
#.###.....$.# #
#.#.........# #
#.#)..#..#..######
#####........#.......#
......#.....##..@@...#
.......(........K....#
......##.............#
#.###.##.#..##.#.....#
#.# #.......##.#######
#<# ####.#####.# #.#
#.# #. #.# #.. ..# #..


You could see Jessica (fast, very poisoned) and a kobold.

Vanquished Creatures
  2 worms (D:2)
  3 dart slugs
  4 endoplasms (D:1)
  2 goblins
  A hobgoblin (D:3)
  A quokka (D:1)
  4 ball pythons
  3 bats (D:1)
  2 kobolds (D:1)
  A rat (D:1)
23 creatures vanquished.

Notes
Turn   | Place    | Note
-------+----------+-------------------------------------------
     0 | D:5      | flotson the Demonspawn Delver began the quest for the Orb.
     0 | D:5      | Reached XP level 1. HP: 18/18 MP: 1/1
    77 | D:5      | Noticed a howler monkey
   127 | D:5      | Found an ancient bone altar of Kikubaaqudgha.
   141 | D:5      | Noticed a sky beast
   197 | D:4      | Noticed an orc priest
   380 | D:1      | Found a faded altar of an unknown god.
   499 | D:1      | Gained mutation: Your touch may inflict minor irresistible
                  | damage on your foes. [demonic ancestry]
   499 | D:1      | Reached XP level 2. HP: 14/24 MP: 2/2
  1285 | D:2      | Reached XP level 3. HP: 29/29 MP: 3/3
  1394 | D:2      | Noticed Jessica
  1402 | D:2      | Slain by Jessica

Illustrated notes

Levels and vault maps discovered:
D:1:      dpeg_arrival_windows_large_door, layout_basic,
          ebering_ecumenical_altar_rust, nrook_uturn, minmay_pentomino_q4
D:2:      layout_loops_cross, uniq_jessica
D:3:      layout_basic, grunt_temple_overflow_open
D:4:      layout_basic, uniq_pikel
D:5:      layout_rooms, mainiacjoe_overflow_paths, serial_glass,
          glass_columns_a, glass_columns_b

Skill      XL: |  1  2 |
---------------+-------+-----
Axes           | 2 |  2.1
Dodging        | 2 |  2.1
Fighting       | |  3.1
Throwing       | |  0.4
Armour         | |  0.8
Stealth        | |  4.5
Shields        | |  0.6
Evocations     | |  0.8

Action                   || total
-------------------------++-------
Melee: Trident           ||    39
       Hand axe          ||     2
       Dagger            ||    21
  Use: Scroll            ||     2
       Potion            ||     1
 Stab: Sleeping          ||     6
Armor: Ring mail         ||    26
Dodge: Dodged            ||    13
Block: Tower shield      ||    30
